General information
- name: BNet
- type: Ladder 1vs1/FFA
- host: Battle.net
- saver: foreverasone
map: PlunderIsle
- players: 2
- length: 34:44
- speed: Fast
- version: 1.26 W3XP
- replay type: Public
» download(165 KB)
Players
team 1 (loser)

»
inv.twister (
pink | 131 APM | 4550 actions | 34:42)
5 Blademaster
3 Wind Walk
2 Critical Strike
4 Tauren Chieftain
2 Shockwave
2 Endurance Aura
» actions
| Assign group hotkey | 123 | |
| Basic commands | 277 | |
| Build / train | 91 | |
| Enter build submenu | 55 | |
| Enter hero's abilities submenu | 9 | |
| Give item / drop item | 9 | |
| Remove unit from queue | 3 | |
| Right click | 2197 | |
| Select / deselect | 836 | |
| Select group hotkey | 771 | |
| Use ability | 179 | |
4550 total
» units
| Peon | 16 | |
| Troll Headhunter/Berserker | 16 | |
| Demolisher | 2 | |
| Raider | 10 | |
| Wind Rider | 5 | |
| Kodo Beast | 1 | |
50 total
» upgrades
| Ensnare | 1 | |
| Berserker Upgrade | 1 | |
| Reinforced Defenses | 1 | |
| Burning Oil | 1 | |
| Envenomed Spears | 1 | |
| War Drums Damage Increase | 1 | |
6 total
» buildings
| Altar of Storms | 1 | |
| Orc Burrow | 6 | |
| Voodoo Lounge | 2 | |
| War Mill | 1 | |
| Stronghold | 1 | |
| Barracks | 2 | |
| Beastiary | 2 | |
| Watch Tower | 33 | |
| Fortress | 1 | |
| Great Hall | 3 | |
52 total
» build order
00:04 Altar of Storms
00:18 Orc Burrow
00:57 Voodoo Lounge
01:31 War Mill
01:43 Orc Burrow
02:27 Orc Burrow
03:17 Stronghold
04:29 Barracks
04:32 Barracks
05:00 Orc Burrow
06:05 Beastiary
07:46 Watch Tower
07:48 Watch Tower
08:21 Watch Tower
08:46 Watch Tower
08:47 Watch Tower
10:05 Orc Burrow
10:07 Fortress
13:50 Watch Tower
13:52 Watch Tower
14:56 Great Hall
15:57 Beastiary
16:03 Watch Tower
16:09 Watch Tower
17:39 Watch Tower
18:44 Watch Tower
19:30 Watch Tower
23:07 Watch Tower
23:08 Watch Tower
23:23 Watch Tower
23:44 Great Hall
23:51 Great Hall
26:38 Watch Tower
26:59 Watch Tower
27:05 Watch Tower
27:43 Watch Tower
28:03 Watch Tower
28:08 Watch Tower
28:12 Watch Tower
29:14 Watch Tower
29:41 Watch Tower
30:17 Watch Tower
30:44 Voodoo Lounge
31:01 Watch Tower
31:04 Watch Tower
31:30 Orc Burrow
32:30 Watch Tower
32:31 Watch Tower
32:31 Watch Tower
32:33 Watch Tower
32:34 Watch Tower
32:54 Watch Tower
» items
| Healing Salve | 3 | |
| Lesser Clarity Potion | 5 | |
| Scroll of Speed | 4 | |
| Staff of Teleportation | 1 | |
| Scroll of Town Portal | 1 | |
| Potion of Lesser Invulnerability | 1 | |
| Scroll of Healing | 1 | |
| Orb of Lightning | 1 | |
17 total
team 2 (winner)
foreverasone (
teal | 206 APM | 7145 actions | 34:44)
6 Archmage
3 Summon Water Elemental
2 Brilliance Aura
1 Mass Teleport
5 Mountain King
3 Storm Bolt
2 Bash
» actions
| Assign group hotkey | 83 | |
| Basic commands | 290 | |
| Build / train | 139 | |
| ESC pressed | 3 | |
| Enter build submenu | 44 | |
| Enter hero's abilities submenu | 11 | |
| Give item / drop item | 4 | |
| Right click | 2245 | |
| Select / deselect | 1115 | |
| Select group hotkey | 2922 | |
| Use ability | 289 | |
7145 total
» units
| Peasant | 63 | |
| Footman | 8 | |
| Spell Breaker | 5 | |
| Sorceress | 6 | |
| Priest | 4 | |
86 total
» upgrades
| Lumber Harvesting | 1 | |
| Masonry | 2 | |
| Magic Sentry | 1 | |
| Priest Training | 1 | |
| Sorceress Training | 1 | |
| Gunpowder | 1 | |
7 total
» buildings
| Altar of Kings | 1 | |
| Barracks | 1 | |
| Farm | 9 | |
| Town Hall | 2 | |
| Scout Tower | 13 | |
| Arcane Tower | 10 | |
| Keep | 2 | |
| Lumber Mill | 2 | |
| Arcane Vault | 3 | |
| Guard Tower | 1 | |
| Arcane Sanctum | 2 | |
| Blacksmith | 1 | |
| Workshop | 1 | |
48 total
» build order
00:05 Altar of Kings
00:19 Barracks
00:34 Farm
01:06 Farm
01:28 Farm
02:25 Farm
04:31 Town Hall
04:37 Scout Tower
04:56 Farm
05:05 Arcane Tower
05:07 Scout Tower
05:12 Scout Tower
05:56 Keep
05:56 Keep
06:12 Arcane Tower
06:12 Arcane Tower
06:17 Lumber Mill
06:19 Scout Tower
07:10 Arcane Tower
07:10 Arcane Tower
07:12 Scout Tower
07:13 Scout Tower
07:14 Farm
07:28 Arcane Vault
07:29 Scout Tower
07:46 Guard Tower
07:57 Scout Tower
07:57 Scout Tower
08:23 Arcane Sanctum
08:25 Arcane Sanctum
09:38 Arcane Vault
15:05 Farm
15:44 Farm
20:00 Farm
26:55 Scout Tower
26:56 Scout Tower
26:58 Scout Tower
27:39 Arcane Tower
27:51 Town Hall
30:40 Arcane Tower
30:46 Arcane Tower
32:05 Lumber Mill
32:29 Blacksmith
34:20 Workshop
34:22 Arcane Vault
» items
| Boots of Speed | 5 | |
| Dust of Appearance | 1 | |
| Scroll of Regeneration | 4 | |
| Potion of Healing | 1 | |
| Scroll of Healing | 3 | |
14 total
Chat log
(00:45 / All) foreverasone: glgl
(00:53 / All) inv.twister: CLAN IKS
(00:57 / All) foreverasone: yup
(25:44 / All) inv.twister: O RAÇA DO CAO
(28:46 / All) foreverasone: tt
(28:51 / All) inv.twister: PLIS
(33:53 / All) foreverasone: gg
(33:57 / All) inv.twister: FODA
(34:00 / All) inv.twister: MUITO NOOBA
(34:02 / All) foreverasone: nooba
(34:04 / All) foreverasone: lol
(34:04 / All) inv.twister: JOOGO DE HUMANO
(34:19 / All) inv.twister: FOI NAO VELHO
(34:23 / All) inv.twister: LE ESPANCEI
(34:31 / All) inv.twister: SE CHAMAA MILITIA E AGANHA
(34:31 / All) foreverasone: T.T
(34:37 / All) inv.twister: POR CAUSA QUE FOCA HERO
(34:38 / All) inv.twister: KKKK
(34:41 / All) inv.twister: JOGO DE NOOBA